 Dungeon Crawl Stone Soup version 0.32-a0-350-g4f4d228785 (webtiles) character file.

Game seed: 3267720622471837584

107641 TentacledHero the Unseen (level 16, -24/85 HPs)
             Began as a Spriggan Enchanter on Feb 17, 2024.
             Was the Champion of Kikubaaqudgha.
             Annihilated by an azure jelly (43 damage)
             ... on level 1 of the Pits of Slime.
             The game lasted 00:51:38 (27308 turns).

TentacledHero the Unseen (Spriggan Enchanter)      Turns: 27308, Time: 00:51:39

Health: -24/85     AC: 11    Str:  4    XL:     16   Next: 0%
Magic:  31/31      EV: 28    Int: 24    God:    Kikubaaqudgha [******]
Gold:   2436       SH:  6    Dex: 16    Spells: 25/35 levels left

rFire   + . .        a - +6 quick blade (elec)
rCold   . . .        o - +2 buckler
rNeg    . . .        U - +3 troll leather armour {Snorg}
rPois   +            P - +2 hat {Stlth+}
rElec   .            N - +2 cloak {rF+}
rCorr   .            (gloves unavailable)
SInv    +            (boots unavailable)
Will    ++...        J - amulet of regeneration
Stlth   ++++++++     y - ring of poison resistance
HPRegen 1.94/turn    F - +5 ring of evasion
MPRegen 0.22/turn

%: no passive effects
@: very quick
A: very small, no large weapons, unfitting armour, see invisible, speed 3
a: Renounce Religion, Unearth Wretches, Torment


You were on level 1 of the Pits of Slime.
You worshipped Kikubaaqudgha.
Kikubaaqudgha was exalted by your worship.
You visited 6 branches of the dungeon, and saw 25 of its levels.
You also visited: Ossuary and Volcano.

You collected 2625 gold pieces.
You spent 189 gold pieces at shops.

Inventory:

Hand Weapons
 a - a +6 quick blade of electrocution (weapon)
 E - a +0 short sword of distortion {!w}
 H - a +1 rapier
Armour
 o - a +2 buckler (worn)
 I - +1 steam dragon scales
 N - a +2 cloak of fire resistance (worn)
 P - a +2 hat of stealth (worn)
 U - a +3 troll leather armour (worn) {Snorg}
Jewellery
 k - a +4 ring of protection
 y - a ring of poison resistance (left hand)
 A - a ring of wizardry
 F - a +5 ring of evasion (right hand)
 J - an amulet of regeneration (around neck)
 T - an amulet of magic regeneration
Talismans
 G - a granite talisman
Wands
 c - a wand of acid (24)
 i - a wand of iceblast (36)
 t - a wand of flame (81)
 u - a wand of charming (25)
 v - a wand of digging (8)
 z - a wand of mindburst (9)
 W - a wand of polymorph (12)
Scrolls
 b - 8 scrolls of identify {@r1}
 e - a scroll of acquirement
 g - 2 scrolls of blinking {@r4}
 l - 6 scrolls of vulnerability {!r}
 m - 7 scrolls of immolation
 q - 3 scrolls of enchant armour
 s - 15 scrolls of teleportation {@r3}
 w - a scroll of fog {@r2}
 B - a scroll of brand weapon
 C - 5 scrolls of fear
 D - 2 scrolls of revelation {@r5}
 K - 4 scrolls of poison
 M - a scroll of torment
 Q - 2 scrolls of silence {!r}
 R - 3 scrolls of amnesia
Potions
 d - 4 potions of lignification
 f - 6 potions of brilliance
 h - 6 potions of ambrosia
 j - 2 potions of magic
 n - a potion of berserk rage
 p - 3 potions of invisibility
 r - 8 potions of attraction
 x - 3 potions of haste {@q5}
 L - 3 potions of enlightenment
 O - 11 potions of curing {@q2}
 S - 3 potions of heal wounds {@q1}
 V - a potion of resistance
 X - 5 potions of might {@q3}
 Z - a potion of mutation
Miscellaneous
 Y - a box of beasts


   Skills:
 - Level 10.0 Fighting
 - Level 14.0 Short Blades
 - Level 15.0 Dodging
 - Level 18.0 Stealth
 - Level 10.0 Spellcasting
 - Level 10.0 Hexes
 - Level 10.0 Summonings
 - Level 4.3 Necromancy
 * Level 7.9 Translocations
 + Level 1.3 Shapeshifting


You had 25 spell levels left.
You knew the following spells:

 Your Spells              Type           Power      Damage    Failure   Level
c - Confusing Touch       Hex            56%        N/A       1%          3
e - Ensorcelled Hibernat  Hex/Ice        72%        N/A       3%          2
s - Summon Forest         Summ/Tloc      26%        N/A       14%         5

Your spell library contained the following spells:

 Spells                   Type           Power      Damage    Failure   Level
 Apportation              Tloc           100%       N/A       1%          1
 Jinxbite                 Hex            100%       N/A       1%          2
 Tukima's Dance           Hex            56%        N/A       1%          3
 Necrotise                Necr           100%       1d9       3%          1
 Sublimation of Blood     Necr           33%        N/A       4%          2
 Dazzling Flash           Conj/Hex       72%        N/A       8%          3
 Summon Ice Beast         Ice/Summ       36%        N/A       8%          3
 Summon Mana Viper        Hex/Summ       56%        N/A       9%          5
 Fugue of the Fallen      Necr           33%        N/A       10%         3
 Vampiric Draining        Necr           33%        2d8       10%         3
 Anguish                  Hex/Necr       23%        N/A       10%         4
 Martyr's Knell           Necr/Summ      46%        N/A       10%         4
 Volatile Blastmotes      Fire/Tloc      62%        2d15      12%         3
 Foxfire                  Conj/Fire      48%        2x1d6     19%         1
 Sting                    Conj/Alch      48%        1d6       19%         1
 Mercury Vapours          Alch/Air       24%        N/A       28%         2
 Iskenderun's Mystic Bla  Conj/Tloc      31%        2d8       36%         4
 Mephitic Cloud           Conj/Alch/Air  12%        N/A       50%         3
 Passwall                 Erth           12%        N/A       50%         3
 Swiftness                Air            12%        N/A       50%         3
 Yara's Violent Unravell  Hex/Alch       18%        3d9       56%         5
 Curse of Agony           Necr           33%        N/A       65%         5
 Fulminant Prism          Conj/Alch      6%         3d7       88%         4
 Leda's Liquefaction      Alch/Erth      6%         N/A       88%         4
 Olgreb's Toxic Radiance  Alch           12%        N/A       88%         4
 Borgnjor's Vile Clutch   Necr/Erth      11%        N/A       91%         5
 Enfeeble                 Hex            28%        N/A       95%         7
 Monstrous Menagerie      Summ           28%        N/A       95%         7
 Summon Hydra             Summ           28%        N/A       95%         7
 Alistair's Intoxication  Alch           8%         N/A       99%         5
 Freezing Cloud           Conj/Ice/Air   6%         6-21      99%         5
 Iskenderun's Battlesphe  Conj           12%        2d7       99%         5
 Lee's Rapid Deconstruct  Erth           6%         3d6*      99%         5
 Death Channel            Necr           16%        N/A       99%         6
 Bombard                  Conj/Erth      6%         9d2       100%        6
 Conjure Ball Lightning   Conj/Air       6%         3x3d6     100%        6
 Eringya's Noxious Bog    Alch           6%         4d6       100%        6
 Plasma Beam              Fire/Air       6%         2x1d16    100%        6
 Starburst                Conj/Fire      6%         6d4       100%        6
 Haunt                    Necr/Summ      23%        N/A       100%        7
 Spellforged Servitor     Conj/Summ      18%        N/A       100%        7
 Borgnjor's Revivificati  Necr           16%        N/A       100%        8
 Discord                  Hex            28%        N/A       100%        8
 Disjunction              Tloc           25%        N/A       100%        8
 Infestation              Necr           16%        N/A       100%        8
 Death's Door             Necr           16%        N/A       100%        9


Dungeon Overview and Level Annotations

Branches:
Dungeon (15/15)            Temple (1/1) D:4            Lair (5/5) D:10
 Shoals (0/4) Lair:3       Spider (1/4) Lair:3        Slime (1/5) Lair:5
    Orc (2/2) D:10            Elf (0/3) Orc:2        Vaults (0/5) D:14
 Depths (0/4) D:15        Ossuary (visited)         Volcano (visited)

Altars:
Ashenzari
Cheibriados
Dithmenos
Elyvilon
Fedhas
Gozag
Hepliaklqana
Kikubaaqudgha
Makhleb
Nemelex Xobeh
Okawaru
Qazlal
Ru
Sif Muna
Trog
Uskayaw
Vehumet
Wu Jian
Xom
Yredelemnul
Zin
The Shining One

Shops:
D:6 :   D:7 =   D:10 [   Orc:1 [   Orc:2 ![*[

Portals:
Trove: D:11 (give 2 scrolls of acquirement)


Innate Abilities, Weirdness & Mutations

You are very small and have problems with some larger weapons.
You are too small for most types of armour.
You have supernaturally acute eyesight. (SInv)
You cover ground extremely quickly. (Speed+++)


Message History

Casting: Ensorcelled Hibernation (safe; 3% risk of failure)
Confirm with . or Enter, or press ? or * to list all spells.
Aiming: Ensorcelled Hibernation (safe; 3% risk of failure)
Press: ? - help, Shift-Dir - straight line, f - slime creature
Aim: a slime creature (chance to affect: 47%)
The slime creature resists with some effort.
The slime creature barely misses you.
Casting: Ensorcelled Hibernation (safe; 3% risk of failure)
Confirm with . or Enter, or press ? or * to list all spells.
Aiming: Ensorcelled Hibernation (safe; 3% risk of failure)
Press: ? - help, Shift-Dir - straight line, f/p - slime creature
Aim: a slime creature (chance to affect: 47%)
The slime creature looks drowsy...
The helpless slime creature fails to defend itself.
You perforate the slime creature like a sieve!!!!!
You kill the slime creature!
Kikubaaqudgha accepts your kill.
You start resting.
HP restored.
You start resting.
You are no longer corroded.
You start resting.
Magic restored.
You climb downwards.
Welcome back to the Pits of Slime!
This branch is unnaturally silent: sounds travel farther here.
This branch contains the slimy rune of Zot.
You block the azure jelly's attack. The azure jelly completely misses you.
The azure jelly misses you. x2; The azure jelly completely misses you.
The azure jelly hits you. The azure jelly freezes you!!
The azure jelly barely misses you. The azure jelly misses you.
The slime creature closely misses you. x2; The azure jelly hits you!
The azure jelly freezes you!!
* * * LOW HITPOINT WARNING * * *
The azure jelly closely misses you. The azure jelly completely misses you.
The azure jelly closely misses you. The azure jelly hits you.
* * * LOW HITPOINT WARNING * * *
The azure jelly freezes you!!!
Ouch! That really hurt!
You die...
Kikubaaqudgha rasps: You have failed me!
Welcome... death!

...#...## .##
#.#.....## ...# ##
#.......J## #..###.##
..........###...#...#
#..........##....#.#
......#............#
..R..............♣..
........#...JJJ##..
.............@..#
.....♣......J..##
.........J......#
................#
#....^.....##.##
..........# ##
§......... ...>.....J


You could see an acid blob, 2 azure jellies and 3 slime creatures.

Vanquished Creatures
  Agnes (Spider:1)
  Gastronok (D:7)
  Roxanne (Spider:1)
  Donald (Orc:2)
  An emperor scorpion (Spider:1)
  A minotaur (Lair:4)
  Azrael (Orc:2)
  Snorg (Lair:4)
  A fire dragon (D:15)
  Josephine (D:12)
  A vault guard (D:14)
  2 rakshasas (D:15)
  Fannar (D:10)
  2 ogre magi
  11 two-headed ogres
  5 centaur warriors
  A dancing weapon (D:13)
  3 hydras
  3 boulder beetles
  A tengu warrior (D:14)
  An occultist (D:15)
  Urug (Lair:3)
  2 demonic crawlers (Spider:1)
  A hell knight (Volcano)
  2 skysharks
  14 spriggans (Lair:5)
  Nergalle (Orc:1)
  Sonja (Lair:3)
  2 arcanists
  4 skeletal warriors
  A pharaoh ant (Lair:3)
  3 orb spiders
  2 steelbarb worms
  Pikel (D:9)
  An oklob plant (Lair:1)
  2 lindwurms (Lair:3)
  3 deep elf pyromancers
  A necromancer (D:15)
  3 orc knights (Orc:2)
  2 orc sorcerers
  3 wolf spiders
  An ugly thing (D:13)
  4 cyclopes
  Maurice (D:8)
  A moth of wrath (Spider:1)
  2 manticores
  3 meliai (D:14)
  Joseph (D:8)
  An elephant (D:10)
  2 black mambas
  6 kobold blastminers
  17 cane toads
  A gargoyle (D:13)
  2 kobold demonologists (D:11)
  2 unseen horrors (D:13)
  4 rime drakes
  10 komodo dragons
  3 tengu conjurers (D:14)
  5 trolls
  9 hornets
  The ghost of Wankojul the Covert, a novice SpDe (Lair:5)
  A wind drake (Lair:3)
  8 polar bears
  6 tarantellas
  A raiju (shapeshifter) (D:15)
  26 blink frogs
  The ghost of kae the Changeling, an amateur DsSh (D:3)
  A dream sheep (shapeshifter) (D:15)
  15 dream sheep
  A centaur simulacrum (D:15)
  A meliai zombie (D:15)
  20 slime creatures
  A vampire (D:12)
  2 culicivoras (Spider:1)
  5 shadows
  4 jumping spiders
  3 wyverns
  2 fire elementals (Orc:1)
  4 wraiths
  32 yaks
  4 redbacks (Spider:1)
  3 wargs (Orc:2)
  4 steam dragons
  12 vampire mosquitoes
  7 basilisks
  A death yak simulacrum (Lair:3)
  3 acid dragons
  A naga (shapeshifter) (D:14)
  4 hell hounds
  13 water moccasins
  An ice beast (D:5)
  A meliai simulacrum (D:15)
  A swamp drake (Lair:5)
  2 sky beasts (D:8)
  26 orc warriors
  A hornet zombie (D:15)
  6 black bears
  8 ogres
  3 boggarts (Lair:5)
  25 wolves
  15 centaurs
  A lemure (D:9)
  A phantom (D:6)
  3 kobold brigands
  12 bullfrogs
  A cane toad simulacrum (Lair:3)
  2 gnoll sergeants
  2 scorpions
  3 wights (D:8)
  3 howler monkeys (D:8)
  5 bombardier beetles
  2 centaur zombies
  3 jellies (D:5)
  2 hounds
  A sleepcap (D:7)
  7 orc priests
  2 gnoll boudas
  10 orc wizards
  Ijyb (D:3)
  An iguana (D:5)
  8 hell rats
  A polar bear simulacrum (Lair:3)
  3 wolf simulacra (Lair:3)
  3 crocodile zombies (Ossuary)
  2 mummies (Ossuary)
  Robin (D:3)
  15 gnolls
  3 adders
  A shadow imp (D:6)
  4 white imps
  2 ufetubi (D:6)
  A ribbon worm (D:4)
  2 dart slugs
  45 orcs
  5 ball pythons
  3 bats
  8 endoplasms
  3 giant cockroaches
  10 goblins
  8 hobgoblins
  6 jackals
  13 kobolds
  4 quokkas
  4 gnoll zombies (Ossuary)
  2 kobold zombies (Ossuary)
  5 rats
666 creatures vanquished.

Vanquished Creatures (collateral kills)
  An ogre (D:15)
1 creature vanquished.

Vanquished Creatures (others)
  A deep elf pyromancer (D:15)
  A cane toad simulacrum (Lair:3)
2 creatures vanquished.

Grand Total: 669 creatures vanquished

Notes
Turn   | Place    | Note
-------+----------+-------------------------------------------
     0 | D:1      | TentacledHero the Spriggan Enchanter began the quest for
                  | the Orb.
     0 | D:1      | Reached XP level 1. HP: 9/9 MP: 5/5
   160 | D:1      | Reached XP level 2. HP: 13/13 MP: 6/6
   169 | D:1      | Reached skill level 5 in Stealth
   175 | D:1      | Learned a level 2 spell: Ensorcelled Hibernation
   512 | D:1      | Reached XP level 3. HP: 16/16 MP: 5/8
   796 | D:1      | Found a faded altar of an unknown god.
  1144 | D:2      | Reached skill level 6 in Stealth
  1153 | D:2      | Identified the +5 whip of Day {flame, Fly Dex+3}
  1297 | D:2      | Reached XP level 4. HP: 21/21 MP: 1/9
  1695 | D:2      | Learned a level 3 spell: Confusing Touch
  1954 | D:3      | Noticed kae's ghost (amateur DsSh)
  1955 | D:3      | Found a transporter.
  1955 | D:3      | Noticed an ogre
  1957 | D:3      | Identified the +1 giant club of Courage {speed, rF+ rN+}
  1957 | D:3      | Noticed an ogre
  2064 | D:3      | Noticed Ijyb
  2145 | D:3      | Killed Ijyb
  2284 | D:3      | Reached skill level 7 in Stealth
  2284 | D:3      | Reached XP level 5. HP: 22/24 MP: 10/10
  2292 | D:3      | Noticed Robin
  2439 | D:3      | Killed Robin
  3168 | D:4      | Found a staircase to the Ecumenical Temple.
  3170 | D:4      | Reached skill level 5 in Short Blades
  3170 | D:4      | Reached skill level 8 in Stealth
  3170 | D:4      | Reached XP level 6. HP: 28/28 MP: 11/11
  3188 | Temple   | Found a transporter.
  3188 | Temple   | Found a transporter.
  3188 | Temple   | Found a transporter.
  3188 | Temple   | Found a transporter.
  3188 | Temple   | Entered the Ecumenical Temple
  3204 | Temple   | Became a worshipper of Kikubaaqudgha
  3819 | D:5      | Entered Level 5 of the Dungeon
  3826 | D:5      | Found a sand-covered staircase.
  3842 | Ossuary  | Entered an ossuary
  4014 | Ossuary  | Reached * piety under Kikubaaqudgha
  4014 | Ossuary  | Received a gift from Kikubaaqudgha
  4283 | D:5      | Noticed a yak
  4285 | D:5      | Noticed a yak
  4285 | D:5      | Noticed a yak
  4285 | D:5      | Noticed a yak
  4286 | D:5      | Noticed a yak
  4290 | D:5      | Killed a yak
  4291 | D:5      | Reached XP level 7. HP: 32/32 MP: 11/14
  4320 | D:5      | Killed a yak
  4480 | D:5      | Noticed a shadow
  4644 | D:4      | Killed a shadow
  4645 | D:4      | Reached skill level 1 in Fighting
  4645 | D:4      | Reached XP level 8. HP: 24/37 MP: 9/15
  4995 | D:5      | Reached skill level 5 in Dodging
  5493 | D:6      | Found Pebun's Book Shop.
  5593 | D:6      | Found a bloodstained altar of Trog.
  5645 | D:6      | Reached ** piety under Kikubaaqudgha
  5646 | D:6      | Reached XP level 9. HP: 35/44 MP: 7/16
  6082 | D:6      | Reached skill level 9 in Stealth
  6558 | D:7      | Found Sianug's Jewellery Shop.
  6668 | D:7      | Reached skill level 10 in Stealth
  7521 | D:8      | Noticed Joseph
  7605 | D:8      | Reached skill level 11 in Stealth
  7689 | D:8      | Noticed Gastronok
  7915 | D:7      | Killed Gastronok
  7916 | D:7      | Reached skill level 12 in Stealth
  7916 | D:7      | Reached skill level 5 in Spellcasting
  7916 | D:7      | Reached XP level 10. HP: 49/49 MP: 14/19
  8007 | D:8      | Reached *** piety under Kikubaaqudgha
  8007 | D:8      | Received a gift from Kikubaaqudgha
  8453 | D:8      | Killed Joseph
  8454 | D:8      | Reached skill level 5 in Fighting
  8641 | D:8      | Found a sparkling altar of Nemelex Xobeh.
  8658 | D:8      | Noticed Maurice
  8664 | D:8      | Killed Maurice
  9370 | D:9      | Noticed Pikel
  9380 | D:9      | Killed Pikel
 10045 | D:10     | Entered Level 10 of the Dungeon
 10074 | D:10     | Reached XP level 11. HP: 56/56 MP: 12/21
 10090 | D:10     | Reached skill level 10 in Hexes
 10248 | D:10     | Noticed Fannar
 10255 | D:10     | Killed Fannar
 10256 | D:10     | Reached skill level 10 in Short Blades
 10280 | D:10     | Found a staircase to the Lair.
 10305 | D:10     | Reached **** piety under Kikubaaqudgha
 10359 | D:10     | Identified the +2 robe of the Jackfruit {Int+3}
 10378 | D:10     | Found a staircase to the Orcish Mines.
 10470 | D:10     | Found Runn's Antique Armour Boutique.
 10672 | D:10     | Found an ornate altar of the Wu Jian Council.
 10739 | D:10     | Identified a scroll of acquirement
 10739 | D:10     | Acquired a +4 quick blade of electrocution
 10767 | Lair:1   | Entered Level 1 of the Lair of Beasts
 10776 | Lair:1   | Reached skill level 13 in Stealth
 11124 | Lair:1   | Reached skill level 10 in Dodging
 11298 | Lair:1   | Reached skill level 14 in Stealth
 11611 | Lair:1   | Found a blossoming altar of Fedhas.
 11639 | Lair:1   | Noticed an oklob plant
 12210 | Lair:2   | Reached skill level 15 in Stealth
 12463 | Lair:2   | Reached XP level 12. HP: 53/61 MP: 6/22
 13657 | Lair:3   | Noticed Urug
 13672 | Lair:3   | Killed Urug
 13779 | Lair:3   | Found a hole to the Spider Nest.
 13811 | Lair:3   | Found a frozen archway.
 13820 | Lair:3   | Reached ***** piety under Kikubaaqudgha
 13874 | Lair:3   | Noticed Sonja
 13878 | Lair:3   | Killed Sonja
 13979 | Lair:3   | Found a staircase to the Shoals.
 15078 | Lair:4   | Reached skill level 15 in Dodging
 15078 | Lair:4   | Reached XP level 13. HP: 54/65 MP: 18/23
 15176 | Lair:4   | Noticed Snorg
 15183 | Lair:4   | Killed Snorg
 15695 | Lair:5   | Entered Level 5 of the Lair of Beasts
 16329 | Lair:5   | Reached ****** piety under Kikubaaqudgha
 16969 | Lair:5   | Reached skill level 10 in Spellcasting
 17186 | Lair:5   | Found a staircase to the Slime Pits.
 17215 | Lair:5   | Found a runed translucent gate.
 17216 | Lair:5   | Found a runed translucent gate.
 17217 | Lair:5   | Found a runed translucent gate.
 17287 | Lair:5   | Reached XP level 14. HP: 73/74 MP: 13/29
 17420 | Lair:5   | Noticed Wankojul's ghost (novice SpDe)
 17960 | Orc:1    | Entered Level 1 of the Orcish Mines
 18014 | Orc:1    | Found Syfiwya's Armour Shoppe.
 18300 | Orc:2    | Entered Level 2 of the Orcish Mines
 18300 | Orc:2    | Noticed Donald
 18300 | Orc:2    | Noticed Azrael
 18304 | Orc:2    | Killed Donald
 18311 | Orc:2    | Killed Azrael
 18472 | Orc:2    | Found a dark tunnel.
 18519 | Volcano  | Entered a volcano
 18549 | Volcano  | Reached skill level 10 in Fighting
 18551 | Volcano  | Reached skill level 1 in Summonings
 18913 | Orc:2    | Found a staircase to the Elven Halls.
 19464 | Orc:2    | Reached skill level 16 in Stealth
 19599 | Orc:1    | Paralysed by an orc sorcerer for 3 turns
 19737 | Orc:1    | Noticed Nergalle
 19738 | Orc:1    | Killed Nergalle
 20135 | Orc:2    | Found Ashobec's Assorted Antiques.
 20135 | Orc:2    | Found Meutazas's Armour Emporium.
 20137 | Orc:2    | Found Mootwuig's Distillery.
 20139 | Orc:2    | Found Reibobr Veth's Antique Armour Boutique.
 20143 | Orc:2    | Bought 2 amethyst potions for 61 gold pieces
 20146 | Orc:2    | Bought a potion of heal wounds for 80 gold pieces
 20146 | Orc:2    | Bought a potion of curing for 48 gold pieces
 20333 | D:11     | Reached skill level 5 in Summonings
 20794 | D:11     | Found a portal to a secret trove of treasure.
 21615 | D:12     | Noticed Josephine
 21769 | D:12     | Killed Josephine
 22226 | D:12     | Reached skill level 17 in Stealth
 22842 | D:13     | Reached XP level 15. HP: 80/80 MP: 30/30
 23608 | D:14     | Found a gate to the Vaults.
 23970 | D:15     | Entered Level 15 of the Dungeon
 23993 | D:15     | Reached skill level 18 in Stealth
 24245 | D:15     | Paralysed by an ogre mage for 4 turns
 24700 | D:15     | Found a glowing golden altar of the Shining One.
 25031 | D:15     | Reached skill level 10 in Summonings
 25095 | D:15     | Found a staircase to the Depths.
 25408 | D:3      | Found a transporter.
 25424 | D:3      | Killed kae's ghost
 25662 | Lair:1   | Reached skill level 1 in Necromancy
 25662 | Lair:1   | Reached skill level 1 in Translocations
 25866 | Lair:5   | Killed Wankojul's ghost
 25961 | Spider:1 | Entered Level 1 of the Spider Nest
 26163 | Spider:1 | Reached skill level 5 in Translocations
 26308 | Spider:1 | Noticed Agnes
 26363 | Spider:1 | Killed Agnes
 26625 | Spider:1 | Noticed an emperor scorpion
 26626 | Spider:1 | Noticed Roxanne
 26641 | Spider:1 | Killed an emperor scorpion
 26647 | Spider:1 | Received a gift from Kikubaaqudgha (forbidden knowledge)
 26920 | Spider:1 | Killed Roxanne
 26929 | Spider:1 | Learned a level 5 spell: Summon Forest
 27032 | Slime:1  | Entered Level 1 of the Pits of Slime
 27057 | Slime:1  | Reached skill level 1 in Shapeshifting
 27070 | Slime:1  | Reached XP level 16. HP: 85/85 MP: 1/31
 27213 | Slime:1  | Noticed an acid blob
 27308 | Slime:1  | Annihilated by an azure jelly

Illustrated notes

Levels and vault maps discovered:
D:1:      amcnicky_arrival_blooded_trapdoor, layout_basic,
          nicolae_ecumenical_lake_church
D:2:      layout_rooms
D:3:      layout_rooms, gammafunk_ghost_smash, roderic_malta_cross, uniq_robin,
          uniq_ijyb
D:4:      layout_basic, minmay_temple_entry_overgrown
D:5:      layout_rooms, enter_ossuary_1
D:6:      layout_basic, amcnicky_altar_gilded, serial_shops,
          nicolae_stop_n_shop_1, minivault_1
D:7:      layout_gridville, serial_shops,
          nicolae_shop_temple_entry_statues_fountains, chequers_arboretum
D:8:      layout_layer_cave, nemelex_diamond_rough_becter, uniq_gastronok,
          uniq_maurice, uniq_joseph
D:9:      layout_long_grid, centaur_isle, uniq_pikel
D:10:     layout_rooms, lemuel_doored_altar, david_lair_generic, orc_0_dummy,
          serial_shops, nicolae_diamond_shop, uniq_fannar
D:11:     layout_irregular_city, nicolae_trove_entry_isolated,
          kennysheep_small_circle
D:12:     layout_basic, uniq_josephine
D:13:     layout_grid_maze, hex_tiny
D:14:     layout_basic, erik_vaults_1
D:15:     grunt_enter_depths_magical_seal, layout_rooms,
          minmay_misc_feat_nine_boxes, st_stairs_4, tso_altar
Temple:   hellmonk_temple_divided_pantheon
Lair:1:   layout_concentric_octagons, chequers_serial_rivers_micro_b,
          tgw_fedhas, serial_bayou_shore_b
Lair:2:   layout_cave_pods, grunt_megastairs_2
Lair:3:   layout_regular_city, minmay_shoals_entry_beasts,
          nicolae_spider_entry_orb_guardian,
          portal_ice_cave_entry_ice_simulacra, nicolae_lair_lindhole,
          infiniplex_staircase_pool, grunt_megastairs_4, uniq_sonja, uniq_urug
Lair:4:   layout_regular_city, beast_lair_carwin_4, serial_bayou_shore_a,
          uniq_snorg
Lair:5:   minmay_lair_end_enchanted_forest, layout_cave_pods, slime_entry_1,
          maelrawn_ghost_gauntlet_escape, guppyfry_lair_drakes,
          grunt_megastairs_1
Spider:1: layout_cave_pods, uniq_agnes, uniq_roxanne
Slime:1:  layout_caves
Orc:1:    layout_caves, serial_shops, nicolae_shop_rolling_square, uniq_nergalle
Orc:2:    st_orc_rangers, layout_diamond_mine, nicolae_volcano_entry_two_sided,
          uniq_donald, uniq_azrael

Skill      XL: |  1  2  3  4  5  6  7  8  9 10 11 12 13 14 15 |
---------------+----------------------------------------------+-----
Stealth        | 5 6 7 8 12 15 17 18 | 18.0
Short Blades   | 2 3 5 8 9 10 13 14 | 14.0
Spellcasting   | 4 5 6 10 | 10.0
Hexes          | 6 8 9 10 | 10.0
Fighting       | 1 3 4 6 9 10 | 10.0
Dodging        | 3 8 11 15 | 15.0
Summonings     | 7 10 | 10.0
Necromancy     | 4 |  4.3
Translocations | 7 |  7.9
Shapeshifting  | 1 |  1.3

Action                     |  1- 3 |  4- 6 |  7- 9 | 10-12 | 13-15 | 16-18 || total
---------------------------+-------+-------+-------+-------+-------+-------++-------
  Melee: Dagger            |    51 |   226 |   171 |   118 |       |       ||   566
         Quick blade       |       |       |       |   305 |  1446 |     4 ||  1755
   Cast: Ensorcelled Hiber |    18 |    44 |    88 |   125 |   294 |     5 ||   574
         Confusing Touch   |       |    10 |     7 |    26 |    64 |       ||   107
         Summon Forest     |       |       |       |       |       |     1 ||     1
 Invoke: Receive Forbidden |       |       |       |       |     1 |       ||     1
  Evoke: Wand              |       |     2 |       |     9 |    11 |       ||    22
         Box of beasts     |       |       |       |       |     1 |       ||     1
    Use: Scroll            |       |       |       |    22 |    19 |       ||    41
         Potion            |       |       |       |       |     8 |       ||     8
   Stab: Sleeping          |    23 |    30 |    62 |    87 |   210 |     2 ||   414
         Confused          |       |     5 |    11 |    27 |    58 |       ||   101
         Distracted        |       |       |     1 |       |     9 |       ||    10
 Armour: Robe              |    18 |    44 |    30 |       |       |       ||    92
         Steam dragon scal |       |       |    13 |    88 |    54 |       ||   155
         Troll leather arm |       |       |       |       |   239 |     6 ||   245
  Dodge: Dodged            |    50 |   163 |   142 |   284 |   854 |    19 ||  1512
  Block: Buckler           |       |       |    24 |    79 |   271 |     2 ||   376

Table legend: (Time is in decaauts)
 A = Elapsed time spent in this place.
 B = Non-inter-level travel time spent in this place.
 C = Inter-level travel time spent in this place.
 D = Time resting spent in this place.
 E = Time spent auto-exploring this place.
 F = Levels seen in this place.
 G = Mean time per level.
                   A        B        C        D        E       F      G
               +--------+--------+--------+--------+--------+-----+--------+
         Total |  20090 |  18697 |   1393 |   2411 |  12335 |  27 |  744.1 |
       Dungeon |  11437 |  10607 |    830 |   1008 |   7524 |  15 |  762.5 |
        Temple |    127 |    106 |     21 |     98 |      0 |   1 |  127.0 |
          Lair |   5937 |   5585 |    352 |   1037 |   3446 |   5 | 1187.4 |
   Spider Nest |    544 |    528 |     16 |      8 |    355 |   1 |  544.0 |
    Slime Pits |     74 |     74 |      0 |     24 |      0 |   1 |   74.0 |
  Orcish Mines |   1413 |   1242 |    171 |     69 |    801 |   2 |  706.5 |
       Ossuary |    287 |    287 |      0 |    150 |     23 |   1 |  287.0 |
       Volcano |    267 |    267 |      0 |     15 |    185 |   1 |  267.0 |
               +--------+--------+--------+--------+--------+-----+--------+

Top non-repeatable levels by time:
  Lair:5: 1969 daAuts
     D:7: 1105 daAuts
  Lair:3: 1093 daAuts
  Lair:2: 988 daAuts
  Lair:1: 965 daAuts
  Lair:4: 921 daAuts
   Orc:2: 916 daAuts
     D:3: 913 daAuts
     D:8: 835 daAuts
     D:4: 817 daAuts
     D:9: 794 daAuts
    D:13: 757 daAuts
    D:12: 731 daAuts
     D:2: 731 daAuts
     D:5: 727 daAuts
